 Dungeon Crawl Stone Soup version 0.23-a0-356-g1757c6e (webtiles) character file.

58 CLM the Ruffian (level 3, -3/29 HPs)
             Began as a Draconian Transmuter on Oct 21, 2018.
             Slain by a quokka (4 damage)
             ... on level 2 of the Dungeon.
             The game lasted 00:02:49 (1559 turns).

CLM the Ruffian (Draconian Transmuter)              Turns: 1559, Time: 00:02:49

Health: -3/29      AC:  6    Str: 12    XL:     3   Next: 76%
Magic:  2/6        EV: 12    Int: 14    God:
Gold:   41         SH:  0    Dex: 11    Spells: 0/6 levels left

rFire    . . .     SeeInvis .     - Unarmed
rCold    . . .     Gourm    .   (no shield)
rNeg     . . .     Faith    .   (armour unavailable)
rPois    .         Spirit   .   (helmet restricted)
rElec    .         Reflect  .   n - +0 cloak
rCorr    .         Harm     .   (no gloves)
MR       .....                  (no boots)
Stlth    +.........             j - amulet of inaccuracy
HPRegen  0.09/turn              (no ring)
MPRegen  0.10/turn              (no ring)

@: very slightly contaminated
A: unfitting armour, cold-blooded, AC +5
a: no special abilities


You were on level 2 of the Dungeon.
You were not hungry.

You visited 1 branch of the dungeon, and saw 2 of its levels.

You collected 41 gold pieces.

Inventory:

Missiles
 a - 27 arrows
 m - a tomahawk (quivered)
Armour
 n - a +0 cloak (worn)
   (You found it on level 2 of the Dungeon)
Jewellery
 j - an amulet of inaccuracy (around neck)
   (You found it on level 2 of the Dungeon)
Scrolls
 b - a scroll of teleportation {@r4}
 f - a scroll of fear {unknown}
 l - 3 scrolls of identify {unknown}
Potions
 c - a potion of mutation {unknown}
 d - a potion of lignification {unknown}
 g - 2 potions of agility {unknown}
 h - a potion of brilliance {unknown}
 k - a potion of magic {unknown}
Comestibles
 e - a ration {!d}
 i - a chunk of flesh


   Skills:
 + Level 2.1 Fighting
 - Level 1.7 Dodging
 * Level 3.9 Unarmed Combat
 - Level 2.0 Spellcasting
 + Level 2.6 Transmutations
 + Level 0.5 Poison Magic


You couldn't memorise any spells.
You knew the following spells:

 Your Spells              Type           Power        Failure   Level  Hunger
a - Beastly Appendage     Tmut           #.....       9%          1    ##.....
b - Sticks to Snakes      Tmut           #.......     12%         2    ###....
x - Spider Form           Tmut/Pois      #.........   36%         3    ####...

Your spell library contained the following spells:

 Spells                   Type           Power        Failure   Level  Hunger
 Ice Form                 Ice/Tmut       #.......     80%         4    #####..
 Blade Hands              Tmut           #.........   92%         5    ######.


Dungeon Overview and Level Annotations

Branches:
Dungeon (2/15)

Altars:


Innate Abilities, Weirdness & Mutations

Your plain brown scales are hard. (AC +5)
You cannot fit into any form of body armour.
You are cold-blooded and may be slowed by cold attacks.


Message History

Your talons disappear.
You see here a stone.
Found 3 scrolls labeled PUIDGH CUIMO.
l - 3 scrolls labeled PUIDGH CUIMO A quokka and a gnoll come into view.
The gnoll is wielding a +2 vampiric spear.
The gnoll shouts!
The gnoll moves out of view.
A quokka is nearby!
A quokka is nearby!
A giant cockroach comes into view.
The gnoll hits you with a +2 vampiric spear.
You create a snake!
You now have 27 arrows.
The quokka bites you.
The gnoll hits you with a +2 vampiric spear.
You hit the gnoll.
Your tail-slap misses the gnoll.
The quokka closely misses you.
Your ball python misses the quokka. x2
The gnoll hits you with a +2 vampiric spear!
The gnoll draws strength from your wounds!
Casting: Sticks to Snakes (safe; 12% risk of failure)
You miscast Sticks to Snakes.
You are very lightly contaminated with residual magic.
Multicoloured lights dance before your eyes!
The quokka bites you but does no damage.
Your ball python bites the quokka.
Your ball python misses the quokka.
The gnoll hits you with a +2 vampiric spear.
* * * LOW HITPOINT WARNING * * *
Casting: Sticks to Snakes (safe; 12% risk of failure)
You don't have enough magic to cast that spell.
You hit the gnoll. The quokka bites you.
* * * LOW HITPOINT WARNING * * *
Your ball python bites the quokka but does no damage.
Your ball python grabs the quokka.
Your ball python constricts the quokka.
You barely miss the gnoll.
The quokka bites you but does no damage.
The gnoll hits you but does no damage.
Your ball python completely misses the quokka.
Your ball python constricts the quokka.
Unknown command.
You hit the gnoll.
Your tail-slap misses the gnoll.
The quokka barely misses you.
Your ball python barely misses the quokka.
Your ball python constricts the quokka.
The gnoll hits you with a +2 vampiric spear!
* * * LOW HITPOINT WARNING * * *
Okay, then.
You hit the gnoll. The quokka barely misses you.
Your ball python bites the quokka but does no damage.
Your ball python constricts the quokka.
The gnoll closely misses you. The quokka bites you.
You die...

.....# #.....##.....>..
.....# #.....##........
.....#####....##........
....รท##<......''........
###.#.........##........
#.#.####....#.........
#.#....'.......S......
#.######.......r......
#.#.....#.....@gs.....
###+#.###.#.....########
................#######
##.......##...........#
.'......(##...........#
#.......##...........#
#....(..##...........#
#...(...##...........#
#.......##...........#


You could see a gnoll, a quokka, a giant cockroach and a friendly ball python.

Vanquished Creatures
  An adder (D:2)
  A worm (D:2)
  5 dart slugs
  A bat (D:1)
  2 giant cockroaches (D:1)
  A goblin (D:1)
  8 hobgoblins
  7 jackals (D:1)
  3 kobolds
  3 frilled lizards (D:1)
  A rat (D:1)
33 creatures vanquished.

Notes
Turn   | Place    | Note
-------+----------+-------------------------------------------
     0 | D:1      | CLM the Draconian Transmuter began the quest for the Orb.
     0 | D:1      | Reached XP level 1. HP: 16/16 MP: 3/3
   131 | D:1      | Reached XP level 2. HP: 23/23 MP: 3/5
   135 | D:1      | Learned a level 2 spell: Sticks to Snakes
   712 | D:1      | Reached XP level 3. HP: 28/29 MP: 4/6
   717 | D:1      | Learned a level 3 spell: Spider Form
  1558 | D:2      | HP: 1/29 [gnoll/+2 vampiric spear (8)]
  1559 | D:2      | Slain by a quokka

Vault maps used:
D:1:      minmay_arrival_four_circles
D:2:      wad_woods_stonehenge, uniq_natasha, uniq_terence

Skill      XL: |  1  2  3 |
---------------+----------+-----
Fighting       | 2 |  2.1
Dodging        | |  1.7
Unarmed Combat | |  3.9
Spellcasting   | |  2.0
Transmutations | |  2.6
Poison Magic   | |  0.5

Action                   || total
-------------------------++-------
Melee: Unarmed           ||   160
       Kick              ||    13
       Tailslap          ||    11
       Headbutt          ||     7
       Punch             ||     1
Throw: Tomahawk          ||     3
 Cast: Beastly Appendage ||    18
       Sticks to Snakes  ||     2
  Use: Scroll            ||     3
 Stab: Sleeping          ||     1
  Eat: Chunk             ||     3
Armor: Skin              ||    40
Dodge: Dodged            ||   121

Table legend:
 A = Non-vault XP
 B = Vault XP
 C = Vault XP percentage of total XP
 D = Non-vault monster count
 E = Vault monster count
 F = Vault count percentage of total count
                 A         B        C        D         E       F
            +---------+---------+-------+---------+---------+-------
      Total |      84 |       0 |   0.0 |      33 |       0 |   0.0
            +---------+---------+-------+---------+---------+-------
        D:1 |      51 |       0 |   0.0 |      25 |       0 |   0.0
        D:2 |      33 |       0 |   0.0 |       8 |       0 |   0.0
            +---------+---------+-------+---------+---------+-------
